 Dungeon Crawl Stone Soup version 0.31-a0-986-g5e6e4ef867 (webtiles) character file.

Game seed: 14194917387683170918

158 Dittersdorf the Covered (level 5, -7/42 HPs)
             Began as a Human Fighter on Nov 7, 2023.
             Mangled by an iguana (11 damage)
             ... on level 4 of the Dungeon.
             The game lasted 00:02:19 (2720 turns).

Dittersdorf the Covered (Human Fighter)             Turns: 2720, Time: 00:02:20

Health: -7/42      AC: 10    Str: 18    XL:     5   Next: 66%
Magic:  5/5        EV:  7    Int:  9    God:
Gold:   180        SH:  5    Dex: 12    Spells: 4/4 levels left

rFire   . . .        a - +0 long sword
rCold   . . .        c - +0 buckler
rNeg    . . .        o - +0 chain mail
rPois   .            (no helmet)
rElec   .            (no cloak)
rCorr   .            g - +0 pair of gloves
SInv    .            (no boots)
Will    +....        (no amulet) Stlth
                     e - ring of willpower
HPRegen 0.27/turn    (no ring)
MPRegen 0.09/turn

%: no passive effects
@: no status effects
A: no striking features
a: no special abilities


You were on level 4 of the Dungeon.
You visited 1 branch of the dungeon, and saw 4 of its levels.

You collected 180 gold pieces.

Inventory:

Hand Weapons
 a - a +0 long sword (weapon)
Armour
 c - a +0 buckler (worn)
 g - a +0 pair of gloves (worn)
 n - a +0 plate armour
 o - a +0 chain mail (worn)
Jewellery
 e - a ring of willpower (left hand)
Scrolls
 b - a scroll of brand weapon {unknown}
 h - a scroll of revelation {unknown}
 l - a scroll of fear {unknown}
Potions
 d - a potion of might
 f - a potion of haste {unknown}
 i - 2 potions of curing {unknown}
 j - a potion of resistance {unknown}
 k - a potion of mutation {unknown}
 m - a potion of heal wounds {unknown}


   Skills:
 + Level 3.9 Fighting
 + Level 3.2 Long Blades
 + Level 3.9 Armour
 + Level 3.9 Shields


You had 4 spell levels left.
You didn't know any spells.
Your spell library was empty.

Dungeon Overview and Level Annotations

Branches:
Dungeon (4/15)
 Temple: D:4-7

Altars:
Ashenzari
Dithmenos
Nemelex Xobeh
Okawaru
Xom
Yredelemnul

Shops:
D:2 (

Annotations:
D:3 2 transporters


Message History

You barely miss the iguana. The iguana barely misses you.
You block the iguana's attack.
You hit the iguana but do no damage. You block the iguana's attack.
You hit the iguana but do no damage. The iguana bites you!
You are too injured to fight recklessly!
You are too injured to fight recklessly!
You are too injured to fight recklessly!
You are too injured to fight recklessly!
You are too injured to fight recklessly!
You are too injured to fight recklessly!
You are too injured to fight recklessly!
You hit the iguana.
The iguana is moderately wounded.
The iguana bites you but does no damage.
You hit the iguana but do no damage.
The iguana is moderately wounded.
The iguana bites you!
* * * LOW HITPOINT WARNING * * *
You block the iguana's attack.
You hit the iguana but do no damage.
The iguana is moderately wounded.
The iguana bites you but does no damage.
You hit the iguana.
The iguana is heavily wounded.
The iguana bites you.
* * * LOW HITPOINT WARNING * * *
You hit the iguana.
The iguana is heavily wounded.
The iguana closely misses you.
You hit the iguana but do no damage.
The iguana is heavily wounded.
The iguana completely misses you. The iguana barely misses you.
You barely miss the iguana.
The iguana is heavily wounded.
The iguana bites you.
* * * LOW HITPOINT WARNING * * *
You closely miss the iguana.
The iguana is heavily wounded.
The iguana bites you!
You die...

#### ...
###.########
#..........#
.##.#....###.#
..[........#.#####
###.###..#.......#
.........###.###@#
.##......###.###l#
.##.##............#
.##....######.##..#
.......#......##..#
.......#).....#...#
.......>......#.#.#
.......#........ ..
.#...#.#......#. ##


You could see an iguana.

Vanquished Creatures
  2 hounds (D:4)
  Terence (D:3)
  An adder (D:3)
  A worm (D:2)
  2 ball pythons
  9 endoplasms
  2 giant cockroaches
  4 hobgoblins
  7 jackals
  8 kobolds
  3 quokkas
  5 bats
  2 frilled lizards (D:2)
  5 goblins
  2 rats (D:2)
54 creatures vanquished.

Notes
Turn   | Place    | Note
-------+----------+-------------------------------------------
     0 | D:1      | Dittersdorf the Human Fighter began the quest for the Orb.
     0 | D:1      | Reached XP level 1. HP: 18/18 MP: 1/1
   338 | D:1      | Reached XP level 2. HP: 24/24 MP: 2/2
   797 | D:2      | Reached XP level 3. HP: 23/29 MP: 3/3
  1346 | D:2      | Found Moinoivu's Antique Weapon Emporium.
  2012 | D:3      | Found a broken altar of Ashenzari.
  2019 | D:3      | Found an iron altar of Okawaru.
  2024 | D:3      | Found a sparkling altar of Nemelex Xobeh.
  2024 | D:3      | Found a shadowy altar of Dithmenos.
  2032 | D:3      | Found a shimmering altar of Xom.
  2104 | D:3      | Noticed Terence
  2108 | D:3      | Reached XP level 4. HP: 29/35 MP: 4/4
  2131 | D:3      | Killed Terence
  2370 | D:3      | Identified the +0 leather armour "Gutyzxui" {Will++ MP-9
                  | Str+3}
  2389 | D:3      | Found a faded altar of an unknown god.
  2541 | D:3      | Found a transporter.
  2553 | D:3      | Found a transporter.
  2640 | D:4      | Identified the of Onumneighu
  2650 | D:4      | Reached XP level 5. HP: 40/42 MP: 5/5
  2663 | D:3      | Found a basalt altar of Yredelemnul.
  2720 | D:4      | Mangled by an iguana

Illustrated notes

Levels and vault maps discovered:
D:1:      spicycebolla_arrival_ecumenical, layout_basic,
          minmay_misc_feat_secret_circle
D:2:      layout_basic, serial_shops, shop, corexii_leaking_fountain,
          grunt_ministairs_8, chequers_big_river
D:3:      gammafunk_steamed_eel, layout_basic,
          nicolae_overflow_ecumenical_swirl,
          nicolae_overflow_hallway_of_the_gods, uniq_terence
D:4:      layout_loops_cross, trog_book, uniq_pikel, uniq_crazy_yiuf_cottage,
          uniq_duvessa

Skill      XL: |  1  2  3  4 |
---------------+-------------+-----
Long Blades    | 3 |  3.2
Fighting       | |  3.9
Armour         | |  3.9
Shields        | |  3.9

Action                     |  1- 3 |  4- 6 || total
---------------------------+-------+-------++-------
  Melee: Long sword        |   128 |   102 ||   230
    Use: Potion            |       |     1 ||     1
 Armour: Scale mail        |    96 |    12 ||   108
         Chain mail        |       |   116 ||   116
  Dodge: Dodged            |    65 |    54 ||   119
  Block: Buckler           |    27 |    33 ||    60

Table legend: (Time is in decaauts)
 A = Elapsed time spent in this place.
 B = Non-inter-level travel time spent in this place.
 C = Inter-level travel time spent in this place.
 D = Time resting spent in this place.
 E = Time spent auto-exploring this place.
 F = Levels seen in this place.
 G = Mean time per level.
                   A        B        C        D        E       F      G
               +--------+--------+--------+--------+--------+-----+--------+
         Total |   2804 |   2660 |    144 |     89 |   2026 |   4 |  701.0 |
       Dungeon |   2804 |   2660 |    144 |     89 |   2026 |   4 |  701.0 |
               +--------+--------+--------+--------+--------+-----+--------+

Top non-repeatable levels by time:
     D:2: 1279 daAuts
     D:1: 768 daAuts
     D:3: 667 daAuts
     D:4: 89 daAuts
